 Dungeon Crawl Stone Soup version 0.31.0-11-ge490571c62 (webtiles) character file.

Game seed: 9921859963079706750

130 qw the Shooter (level 4, -6/23 HPs)
             Began as a Spriggan Hunter on Feb 4, 2024.
             Killed from afar by a white imp (10 damage)
             ... with a puff of frost
             ... on level 3 of the Dungeon.
             The game lasted 00:00:07 (2429 turns).

qw the Shooter (Spriggan Hunter)                    Turns: 2429, Time: 00:00:08

Health: -6/23      AC:  2    Str:  7    XL:     4   Next: 89%
Magic:  5/5        EV: 20    Int: 10    God:
Gold:   117        SH:  0    Dex: 20    Spells: 3/3 levels left

rFire   . . .        a - +2 shortbow
rCold   . . .        (shield currently unavailable)
rNeg    . . .        c - +0 robe
rPois   .            (helmet restricted)
rElec   .            (no cloak)
rCorr   .            (gloves unavailable)
SInv    +            (boots unavailable)
Will    .....        (no amulet)
Stlth   ++           (no ring)
HPRegen 0.23/turn    (no ring)
MPRegen 0.09/turn

%: no passive effects
@: about to teleport, very quick
A: very small, no large weapons, unfitting armour, see invisible, speed 3
a: no special abilities


You were on level 3 of the Dungeon.
You visited 1 branch of the dungeon, and saw 3 of its levels.

You collected 141 gold pieces.
You spent 24 gold pieces at shops.


Innate Abilities, Weirdness & Mutations

You are very small and have problems with some larger weapons.
You are too small for most types of armour.
You have supernaturally acute eyesight. (SInv)
You cover ground extremely quickly. (Speed+++)


   Skills:
 - Level 2.0 Fighting
 + Level 5.0 Ranged Weapons
 - Level 5.0 Dodging
 - Level 1.5 Stealth


You had 3 spell levels left.
You didn't know any spells.
Your spell library was empty.

Inventory:

Hand Weapons
 a - a +2 shortbow (weapon)
Armour
 c - a +0 robe (worn)
Scrolls
 h - a scroll of poison {unknown}
Potions
 b - 2 potions of curing
 d - a potion of mutation
 f - a potion of heal wounds {unknown}
 g - a potion of brilliance {unknown}

Dungeon Overview and Level Annotations

Branches:
Dungeon (3/15)

Altars:

Shops:
D:1 ?


Message History

A goblin comes into view. It is wielding a +0 spear.
You shoot an arrow. The goblin shouts!
The arrow hits the goblin!
You kill the goblin!
You now have 117 gold pieces (gained 4).
A white imp comes into view.
The white imp moves out of view.
A white imp and 3 jackals come into view.
The jackal barks! x2; The white imp shouts!
The white imp gestures at you. The puff of frost hits you!
The jackal barks!
You shoot an arrow. The arrow hits the jackal.
The jackal is almost dead.
You shoot an arrow. The arrow closely misses the jackal.
The jackal barely misses you. The jackal completely misses you.
You shoot an arrow. The arrow closely misses the jackal.
The white imp gestures at you. The puff of frost hits you.
You shoot an arrow. The arrow hits the jackal.
You kill the jackal!
The white imp gestures at you. The puff of frost misses you.
You shoot an arrow. The arrow hits the jackal.
You kill the jackal!
The jackal closely misses you. The white imp gestures at you.
The puff of frost hits you.
2428 ||| READING scroll of teleportation.
As you read the scroll of teleportation, it crumbles to dust.
You feel strangely unstable.
The jackal bites you but does no damage.
The white imp hits you but does no damage.
You shoot an arrow.
The arrow completely misses the white imp.
The jackal closely misses you. The jackal misses you.
The white imp gestures at you. The puff of frost hits you!
You die...

#.##.#
###.####.#
#.##.. ...#
#.# #.####
###.# #.#
#.# #.# #.#
#.# #.# #.#
#@#
......5h#
.........
.....#....
..#.!#..#..
.###
..###.. . #
#..#...# ..
#....#.#


You could see a white imp and a jackal.

Vanquished Creatures
  An orc priest (D:3)
  2 adders
  3 dart slugs
  A ribbon worm (D:2)
  3 orcs (D:3)
  6 ball pythons
  5 endoplasms (D:2)
  5 giant cockroaches
  5 goblins
  7 hobgoblins
  6 jackals (D:3)
  2 quokkas (D:1)
  4 bats
  6 frilled lizards
  2 kobolds
  9 rats
67 creatures vanquished.

Notes
Turn   | Place    | Note
-------+----------+-------------------------------------------
     0 | D:1      | qw the Spriggan Hunter began the quest for the Orb.
     0 | D:1      | Reached XP level 1. HP: 10/10 MP: 2/2
     0 | D:1      | 0 ||| qw: Version: 0.3-a-160-g6735b56
     0 | D:1      | 0 ||| qw: Game counter: 5260
     0 | D:1      | 0 ||| qw: Melee chars always use a shield: true
     0 | D:1      | 0 ||| qw: God list: Okawaru
     0 | D:1      | 0 ||| qw: Allow faded altars: false
     0 | D:1      | 0 ||| qw: Do Orc after clearing Dungeon:15 true
     0 | D:1      | 0 ||| qw: Do second Lair branch before Depths: true
     0 | D:1      | 0 ||| qw: Lair rune preference: random
     0 | D:1      | 0 ||| qw: Goals: Normal
     0 | D:1      | 0 ||| PLANNING D:1-11
    36 | D:1      | Reached skill level 3 in Dodging
    37 | D:1      | 37 ||| RETREEEEATING.
    39 | D:1      | 39 ||| RETREEEEATING.
    51 | D:1      | Reached XP level 2. HP: 12/14 MP: 3/3
   471 | D:1      | Found Xetzouwn's Magic Scroll Emporium.
   474 | D:1      | 474 ||| SHOPLISTING 2 scrolls of identify (48 gold, have
                  | 42).
   474 | D:1      | 474 ||| SHOPLISTING scroll of enchant armour (90 gold, have
                  | 42).
   474 | D:1      | 474 ||| BUYING scroll of identify (24 gold).
   474 | D:1      | Bought a scroll of identify for 24 gold pieces
   474 | D:1      | 474 ||| SHOPLISTING scroll of identify (24 gold, have 18).
   619 | D:1      | Reached XP level 3. HP: 18/18 MP: 4/4
   620 | D:1      | 620 ||| READING scroll of identify.
   620 | D:1      | 620 ||| IDENTIFYING golden potion
   621 | D:1      | 621 ||| DROPPING scroll of butterflies.
   654 | D:2      | 654 ||| STAIRDANCE
  1174 | D:2      | Found a faded altar of an unknown god.
  1571 | D:2      | 1571 ||| READING scroll of identify.
  1571 | D:2      | 1571 ||| IDENTIFYING fuming blue potion
  1572 | D:2      | 1572 ||| READING 2 scrolls labelled JUOBUA JISCHEMU.
  1577 | D:2      | 1577 ||| READING scroll labelled YLOCHO NOLA.
  1577 | D:2      | 1577 ||| ENCHANTING +0 shortbow.
  1987 | D:3      | Reached XP level 4. HP: 22/22 MP: 5/5
  2247 | D:3      | 2247 ||| READING scroll of enchant weapon.
  2247 | D:3      | 2247 ||| ENCHANTING +1 shortbow.
  2427 | D:3      | HP: 3/23 [white imp/puff of frost (5)]
  2428 | D:3      | 2428 ||| READING scroll of teleportation.
  2429 | D:3      | Killed from afar by a white imp

Levels and vault maps discovered:
D:1:      roderic_dead_forest, layout_basic, serial_shops,
          nicolae_shop_rolled_up
D:2:      layout_basic, nicolae_ecumenical_oubliette, st_stairs_11
D:3:      layout_loops_ring, nicolae_hepliaklqana_monster_ancestors,
          kennysheep_okawaru_gauntlet, minmay_strange_pillars,
          kennysheep_generic_room_6

Skill      XL: |  1  2  3  4 |
---------------+-------------+-----
Dodging        | 3 4 5 |  5.0
Ranged Weapons | 5 |  5.0
Fighting       | 2 |  2.0
Stealth        | |  1.5

Action                     |  1- 3 |  4- 6 || total
---------------------------+-------+-------++-------
   Fire: Shortbow          |   116 |    43 ||   159
    Use: Scroll            |     4 |     2 ||     6
 Armour: Robe              |     5 |     6 ||    11
  Dodge: Dodged            |    26 |    15 ||    41

Table legend:
 A = Non-vault XP
 B = Vault XP
 C = Vault XP percentage of total XP
 D = Non-vault monster count
 E = Vault monster count
 F = Vault count percentage of total count
                 A         B        C        D         E       F
            +---------+---------+-------+---------+---------+-------
      Total |     174 |      12 |   6.5 |      60 |       7 |  10.4
            +---------+---------+-------+---------+---------+-------
        D:1 |      42 |       0 |   0.0 |      25 |       0 |   0.0
        D:2 |      42 |       5 |  10.6 |      17 |       3 |  15.0
        D:3 |      90 |       7 |   7.2 |      18 |       4 |  18.2
            +---------+---------+-------+---------+---------+-------
